 Dungeon Crawl Stone Soup version 0.30-b1-2-g02819fbbbe (webtiles) character file.

Game seed: 17719339092532818364

5798 striepan the Arsonist (level 10, -15/53 HPs)
             Began as a Deep Elf Fire Elementalist on Jan 15, 2024.
             Was an Initiate of Vehumet.
             Demolished by a komodo dragon (25 damage)
             ... on level 8 of the Dungeon.
             The game lasted 01:22:39 (9955 turns).

striepan the Arsonist (Deep Elf Fire Elementalist)  Turns: 9955, Time: 01:22:40

Health: -15/53     AC:  3    Str:  5    XL:     10   Next: 50%
Magic:  7/21       EV: 14    Int: 25    God:    Vehumet [......]
Gold:   477        SH:  0    Dex: 15    Spells: 8/21 levels left

rFire   . . .        a - +0 dagger
rCold   . . .        (no shield)
rNeg    . . .        g - +0 robe
rPois   .            (no helmet)
rElec   .            D - scarf {repulsion}
rCorr   .            f - +0 pair of gloves
SInv    .            (no boots)
Will    +....        y - amulet of the acrobat
Stlth   +++          B - +4 ring of slaying
HPRegen 0.28/turn    (no ring)
MPRegen 0.17/turn

%: repel missiles, acrobat
@: no status effects
A: no striking features
a: Renounce Religion


You were on level 8 of the Dungeon.
You worshipped Vehumet.
Vehumet was noncommittal.
You visited 2 branches of the dungeon, and saw 9 of its levels.

You collected 477 gold pieces.

Inventory:

Hand Weapons
 a - a +0 dagger (weapon)
 l - a +0 rapier
 s - a +2 spear of flaming
Armour
 f - a +0 pair of gloves (worn)
 g - a +0 robe (worn)
 u - a +0 cloak
 D - a scarf of repulsion (worn)
Jewellery
 y - an amulet of the acrobat (around neck)
 B - a +4 ring of slaying (left hand)
Wands
 p - a wand of polymorph (21)
 q - a wand of light (13)
 w - a wand of flame (18)
Scrolls
 c - 4 scrolls of identify
 d - 2 scrolls of teleportation
 h - a scroll of noise {unknown}
 i - 2 scrolls of amnesia
 j - a scroll of immolation {unknown}
 k - 4 scrolls of magic mapping
 n - 3 scrolls of blinking
 t - 2 scrolls of enchant weapon {unknown}
 v - a scroll of fear {unknown}
 E - 2 scrolls of vulnerability {unknown}
 F - a scroll of torment {unknown}
Potions
 b - a potion of invisibility
 e - 2 potions of lignification
 m - a potion of flight
 o - 2 potions of haste
 r - 2 potions of curing {unknown}
 x - a potion of might {unknown}
 z - a potion of degeneration {unknown}
 A - a potion of heal wounds {unknown}
 C - 2 potions of attraction {unknown}


   Skills:
 - Level 2.0 Fighting
 - Level 5.0 Dodging
 - Level 4.0 Stealth
 - Level 6.0 Spellcasting
 - Level 10.0 Conjurations
 - Level 5.0 Translocations
 + Level 11.6 Fire Magic


You had 8 spell levels left.
You knew the following spells:

 Your Spells              Type           Power      Damage    Failure   Level
a - Foxfire               Conj/Fire      100%       2x1d9     1%          1
b - Scorch                Fire           100%       2d9       1%          2
c - Volatile Blastmotes   Fire/Tloc      98%        2d18      1%          3
d - Flame Wave            Conj/Fire      57%        2d14      1%          4
e - Gell's Gravitas       Tloc           32%        N/A       2%          3

Your spell library contained the following spells:

 Spells                   Type           Power      Damage    Failure   Level
 Lesser Beckoning         Tloc           64%        N/A       1%          2
 Inner Flame              Hex/Fire       36%        N/A       1%          3
 Teleport Other           Tloc           32%        N/A       2%          3
 Ignite Poison            Fire/Tmut/Pois 26%        N/A       4%          3
 Sting                    Tmut/Pois      28%        1d4       8%          1
 Summon Small Mammal      Summ           28%        N/A       8%          1
 Cigotuvi's Dreadful Rot  Necr/Pois/Air  14%        N/A       11%         2
 Poisonous Vapours        Pois/Air       14%        N/A       11%         2
 Sublimation of Blood     Necr           7%         N/A       11%         2
 Wereblood                Tmut           7%         N/A       11%         2
 Freezing Cloud           Conj/Ice/Air   12%        6-21      47%         5
 Dispel Undead            Necr           7%         3d8       58%         4
 Olgreb's Toxic Radiance  Pois           7%         N/A       58%         4
 Summon Hydra             Summ           3%         N/A       100%        7


Dungeon Overview and Level Annotations

Branches:
Dungeon (8/15)             Temple (1/1) D:6
   Lair: D:8-11

Altars:
Ashenzari
Dithmenos
Elyvilon
Fedhas
Hepliaklqana
Makhleb
Nemelex Xobeh
Qazlal
Ru
Trog
Uskayaw
Vehumet
Xom
Yredelemnul
Zin
The Shining One

Annotations:
D:3 1 transporter


Message History

Ouch! That really hurt!
Something barely misses you.
Casting: Foxfire (safe; 1% risk of failure)
Confirm with . or Enter, or press ? or * to list all spells.
You conjure some foxfire!
The foxfire hits the komodo dragon.
The komodo dragon is lightly wounded.
The foxfire hits something.
The komodo dragon completely misses you.
Something hits you!
* * * LOW HITPOINT WARNING * * *
Something burns you.
* * * LOW HITPOINT WARNING * * *
Casting: Foxfire (safe; 1% risk of failure)
Confirm with . or Enter, or press ? or * to list all spells.
You conjure some foxfire!
The foxfire hits something!
Vehumet accepts your kill.
Reactivating autopickup.
You feel a bit more experienced.
The foxfire hits the komodo dragon but does no damage.
The komodo dragon is lightly wounded.
The komodo dragon barely misses you.
Training target 10.0 for Conjurations reached!
Your Conjurations skill increases to level 10!
You need to enable at least one skill for training.
Casting: Foxfire (safe; 1% risk of failure)
Confirm with . or Enter, or press ? or * to list all spells.
Flames lash the komodo dragon.
The komodo dragon is lightly wounded.
The komodo dragon's fire resistance burns away.
The foxfire hits the komodo dragon but does no damage.
The komodo dragon is lightly wounded.
The foxfire hits the komodo dragon.
The komodo dragon is burned terribly!
The komodo dragon is moderately wounded.
The komodo dragon barely misses you.
Casting: Scorch (safe; 1% risk of failure)
Confirm with . or Enter, or press ? or * to list all spells.
Flames lash the komodo dragon.
The komodo dragon is burned terribly!
The komodo dragon is heavily wounded.
The komodo dragon bites you!!
You die...

#..#.## #....
##.#.#. ##....
#...... ....#
#......#....##
.............#.
...(.....#.....
..............#
.......)l...().
......ยง@.......
...##..........
.. ##......... .
..........
#..........
#..##.#.... ..#
.#.... ... ..
...


You could see a komodo dragon (combustible).

Vanquished Creatures
  Erica (D:8)
  Pikel (D:7)
  A deep elf pyromancer (D:7)
  Maurice (D:8)
  The ghost of vbillard the Conjurer, a novice DECj of Hepliaklqana (D:6)
  Grinder (D:3)
  Prince Ribbit (D:5)
  A wraith (D:7)
  A yak (D:7)
  Eustachio (D:5)
  A steam dragon (D:7)
  A water moccasin (D:6)
  2 black bears
  An orc warrior (D:7)
  2 sky beasts (D:7)
  A hornet zombie (D:7)
  2 ice beasts (D:7)
  2 ogres
  A phantom (D:4)
  2 lemures (D:7)
  The ghost of Termiter the Grave Robber, an amateur DsNe (D:4)
  A kobold brigand (D:7)
  3 bullfrogs (D:7)
  4 scorpions
  A water moccasin zombie (D:7)
  2 wights (D:7)
  3 howler monkeys
  A centaur zombie (D:7)
  A bullfrog zombie (D:7)
  2 hounds
  5 orc priests
  Crazy Yiuf (D:3)
  A jelly (D:4)
  A gnoll bouda (D:7)
  A sleepcap (D:4)
  Terence (D:3)
  5 iguanas
  5 orc wizards
  A killer bee zombie (D:7)
  Robin (D:3)
  11 adders
  2 shadow imps (D:7)
  A white imp (D:7)
  2 ufetubi
  3 worms
  A dart slug (D:4)
  21 orcs
  12 endoplasms
  4 giant cockroaches
  14 goblins
  9 hobgoblins
  9 kobolds
  6 quokkas
  6 ball pythons
  3 bats
  5 frilled lizards
  6 rats
181 creatures vanquished.

Vanquished Creatures (others)
  269 foxfires
  16 plants
  2 withered plants (D:7)
287 creatures vanquished.

Grand Total: 468 creatures vanquished

Notes
Turn   | Place    | Note
-------+----------+-------------------------------------------
     0 | D:1      | striepan the Deep Elf Fire Elementalist began the quest for
                  | the Orb.
     0 | D:1      | Reached XP level 1. HP: 10/10 MP: 6/6
   250 | D:1      | Reached XP level 2. HP: 15/15 MP: 2/8
   336 | D:1      | Reached skill level 4 in Fire Magic
   373 | D:1      | Learned a level 2 spell: Scorch
  1197 | D:2      | Reached XP level 3. HP: 19/19 MP: 9/9
  1201 | D:2      | Learned a level 3 spell: Volatile Blastmotes
  1460 | D:2      | Reached skill level 5 in Fire Magic
  2429 | D:3      | Reached XP level 4. HP: 24/24 MP: 10/10
  2529 | D:3      | Reached skill level 1 in Fighting
  2595 | D:3      | Noticed Robin
  2605 | D:3      | Killed Robin
  2606 | D:3      | Reached XP level 5. HP: 29/29 MP: 3/13
  2720 | D:3      | Found a bloodstained altar of Trog.
  2736 | D:3      | Found a transporter.
  2752 | D:3      | Found a transporter.
  2890 | D:3      | Noticed Grinder
  2900 | D:3      | Killed Grinder
  2901 | D:3      | Reached skill level 6 in Fire Magic
  2901 | D:3      | Reached XP level 6. HP: 21/35 MP: 4/14
  3015 | D:3      | Noticed Terence
  3043 | D:3      | Killed Terence
  3112 | D:3      | Found a burning altar of Makhleb.
  3200 | D:3      | Found a runed translucent door.
  3201 | D:3      | Noticed Crazy Yiuf
  3388 | D:3      | Found a sparkling altar of Nemelex Xobeh.
  3388 | D:3      | Found a transporter.
  3402 | D:3      | Reached skill level 7 in Fire Magic
  3672 | D:3      | Killed Crazy Yiuf
  3745 | D:4      | Reached XP level 7. HP: 40/40 MP: 10/15
  4011 | D:4      | Learned a level 4 spell: Flame Wave
  4032 | D:4      | Reached skill level 8 in Fire Magic
  4225 | D:4      | Found a sacrificial altar of Ru.
  4352 | D:4      | Noticed Termiter's ghost (amateur DsNe)
  4530 | D:4      | Found a runed translucent door.
  4554 | D:4      | Reached skill level 5 in Conjurations
  4616 | D:4      | Found a basalt altar of Yredelemnul.
  4876 | D:4      | Killed Termiter's ghost
  4942 | D:5      | Entered Level 5 of the Dungeon
  5004 | D:5      | Reached XP level 8. HP: 44/44 MP: 9/16
  5156 | D:5      | Got Heugaxt's Parchment of Ghastly Calling
  5198 | D:5      | Noticed Eustachio
  5210 | D:5      | Killed Eustachio
  5211 | D:5      | Reached skill level 5 in Spellcasting
  5211 | D:5      | Reached skill level 1 in Translocations
  5829 | D:5      | Noticed Prince Ribbit
  5835 | D:5      | Killed Prince Ribbit
  5836 | D:5      | Reached skill level 9 in Fire Magic
  5840 | D:5      | Learned a level 3 spell: Gell's Gravitas
  6093 | D:6      | Found a staircase to the Ecumenical Temple.
  6103 | Temple   | Entered the Ecumenical Temple
  6351 | D:6      | Found a shadowy altar of Dithmenos.
  6784 | D:6      | Found a runed translucent door.
  6789 | D:6      | Noticed vbillard's ghost (novice DECj)
  7039 | D:6      | Killed vbillard's ghost
  7040 | D:6      | Reached XP level 9. HP: 28/48 MP: 7/18
  7204 | D:6      | Reached skill level 10 in Fire Magic
  7796 | D:7      | Noticed Pikel
  7817 | D:7      | Killed Pikel
  7818 | D:7      | Reached skill level 5 in Dodging
  8281 | D:7      | Reached skill level 11 in Fire Magic
  8735 | D:7      | Noticed a deep elf pyromancer
  8921 | D:7      | Reached XP level 10. HP: 53/53 MP: 17/21
  9028 | D:7      | Found a radiant altar of Vehumet.
  9035 | D:7      | Became a worshipper of Vehumet
  9055 | D:7      | Reached skill level 5 in Translocations
  9117 | D:7      | Killed a deep elf pyromancer
  9644 | D:8      | Noticed Maurice
  9649 | D:8      | Killed Maurice
  9651 | D:8      | Noticed Erica
  9953 | D:8      | Killed Erica
  9954 | D:8      | Reached skill level 10 in Conjurations
  9955 | D:8      | Demolished by a komodo dragon

Illustrated notes

Levels and vault maps discovered:
D:1:      wander_arrival_fairy_ring, layout_basic
D:2:      layout_basic
D:3:      gammafunk_steamed_eel, layout_basic, grunt_nemelex_the_gamble,
          trog_three_pillars_becter, general_overflow_altar,
          kennysheep_generic_room_15, uniq_robin, uniq_grinder,
          uniq_crazy_yiuf_cottage, uniq_terence
D:4:      layout_loops_ring, nicolae_ru_the_path_less_chosen,
          mainiacjoe_overflow_surrounded_room, hellmonk_ghost_happy_afterlife
D:5:      layout_loops_ring, uniq_prince_ribbit1, uniq_eustachio
D:6:      layout_basic, lemuel_tele_altar, minmay_temple_entry_slanted,
          ebering_ghost_reflecting_pool
D:7:      minmay_s_stair_smasher, layout_loops_cross,
          nicolae_vehumet_altar_sigil, serial_undead, serial_undead_b,
          serial_undead_f, serial_undead_a, serial_undead_a,
          guppyfry_early_elven_hall, uniq_pikel
D:8:      layout_cave_pools, marbit_many_paths, mainiacjoe_overflow_boulevard,
          david_lair_shrubbed, special_room [special_room_kobold], uniq_erica,
          uniq_maurice
Temple:   nicolae_temple_bog_church

Skill      XL: |  1  2  3  4  5  6  7  8  9 10 |
---------------+-------------------------------+-----
Fire Magic     | 4 5 6 7 8 9 11 | 11.6
Stealth        | 3 4 |  4.0
Dodging        | 3 5 |  5.0
Fighting       | 1 2 |  2.0
Spellcasting   | 4 5 6 |  6.0
Conjurations   | 2 6 7 8 10 | 10.0
Translocations | 3 4 5 |  5.0

Action                     |  1- 3 |  4- 6 |  7- 9 | 10-12 || total
---------------------------+-------+-------+-------+-------++-------
  Melee: Unarmed           |     8 |       |       |       ||     8
         Dagger            |     9 |    35 |    72 |     1 ||   117
         Punch             |       |       |     1 |       ||     1
   Cast: Foxfire           |    27 |    33 |    65 |    31 ||   156
         Scorch            |    20 |    21 |   106 |    22 ||   169
         Volatile Blastmot |       |       |    11 |     4 ||    15
         Gell's Gravitas   |       |       |       |     1 ||     1
    Use: Scroll            |       |     5 |     4 |       ||     9
         Potion            |       |       |     1 |       ||     1
   Stab: Sleeping          |     6 |       |     2 |       ||     8
 Armour: Robe              |     7 |     5 |    40 |     3 ||    55
  Dodge: Dodged            |    16 |    18 |    95 |    14 ||   143
         Repelled          |       |       |       |     1 ||     1
